 Dungeon Crawl Stone Soup version 0.29.1-12-g30fa7ad0bf (webtiles) character file.

Game seed: 16928527465545413762

259720 FexLirch the Unseen (level 19, -21/106 HPs)
             Began as a Vine Stalker Enchanter on Jan 9, 2023.
             Was the Champion of Wu Jian.
             Shot with an arrow by a deep elf master archer (29 damage)
             ... on level 3 of the Elven Halls on Jan 10, 2023.
             The game lasted 03:35:40 (31970 turns).

FexLirch the Unseen (Vine Stalker Enchanter)       Turns: 31970, Time: 03:35:41

Health: -21/106    AC: 11    Str: 11    XL:     19   Next: 91%
Magic:  0/43       EV: 12    Int: 21    God:    Wu Jian [******]
Gold:   1841       SH: 10    Dex: 29    Spells: 14/38 levels left

rFire   + . .      SeeInvis +   E - +11 rapier of Corporal Punishment {vorpal, rN+ MP+9 Dex+4}
rCold   + + .      Faith    .   W - +3 buckler {reflect}
rNeg    + . .      Spirit   +   D - +2 robe {Will+}
rPois   .          Reflect  +   s - +2 hat
rElec   .          Harm     .   I - scarf {shadows}
rCorr   .          Rampage  .   K - +1 pair of gloves
Will    +++..                   z - +2 pair of boots {Fly}
Stlth   ++++++++..              m - amulet "Joirota" {rC+ Regen+ Int+2}
HPRegen 1.87/turn               r - ring of see invisible
MPRegen 0.28/turn               Y - ring "Suekil" {rF+ rC+ Dex+6 Slay+2}

@: flying
A: fangs 3, regeneration 1, magic shield, antimagic bite, no potion heal 2
}: 2/15 runes: decaying, serpentine
a: Renounce Religion, Wall Jump, Serpent's Lash, Heavenly Storm


You were on level 3 of the Elven Halls.
You worshipped Wu Jian.
Wu Jian was exalted by your worship.
You visited 7 branches of the dungeon, and saw 34 of its levels.

You collected 3534 gold pieces.
You spent 1693 gold pieces at shops.

Inventory:

Hand Weapons
 b - the +6 mace of Ycwuf {vorpal, rC+ rN+++ Will+ Str-5}
   (You found it on level 2 of the Snake Pit)

   It inflicts extra damage upon your enemies.
   Str:       It affects your strength (-5).
   rC:        It protects you from cold.
   rN:        It renders you almost immune to negative energy.
   Will:      It increases your willpower.
 p - the +10 short sword of Crafting Misery {vorpal, rPois rF- rCorr Stlth+}
   (You found it on level 1 of the Snake Pit)

   It inflicts extra damage upon your enemies.
   rF:        It makes you vulnerable to fire.
   rPois:     It protects you from poison.
   rCorr:     It protects you from acid and corrosion.
   Stlth:     It makes you more stealthy.
 E - the +11 rapier of Corporal Punishment (weapon) {vorpal, rN+ MP+9 Dex+4}
   (You found it on level 1 of the Lair of Beasts)

   It inflicts extra damage upon your enemies.
   Dex:       It affects your dexterity (+4).
   rN:        It protects you from negative energy.
   MP:        It affects your magic capacity (+9).
Armour
 h - an orb of guile
 s - a +2 hat (worn)
 z - a +2 pair of boots of flying (worn)
 D - a +2 robe of willpower (worn)
 I - a scarf of shadows (worn)
 K - a +1 pair of gloves (worn)
 L - the +1 robe "Xyner Bei" {rPois rF+ Regen+ Dex+4}
   (You bought it in a shop on level 2 of the Orcish Mines)

   Dex:       It affects your dexterity (+4).
   rF:        It protects you from fire.
   rPois:     It protects you from poison.
   Regen:     It increases your rate of health regeneration.
 V - the +1 ring mail of Bursted Satisfaction {rElec rF+ rC- Dex+6}
   (You found it on level 4 of the Lair of Beasts)

   Dex:       It affects your dexterity (+6).
   rF:        It protects you from fire.
   rC:        It makes you vulnerable to cold.
   rElec:     It insulates you from electricity.
 W - a +3 buckler of reflection (worn)
Jewellery
 f - a ring of positive energy
 i - a ring of poison resistance
 m - the amulet "Joirota" (around neck) {rC+ Regen+ Int+2}
   (You found it on level 1 of the Snake Pit)

   [amulet of regeneration]

   Int:       It affects your intelligence (+2).
   rC:        It protects you from cold.
   Regen:     It increases your rate of health regeneration.
 o - the ring "Leappam" {Str+6 Int+5}
   (You bought it in a shop on level 6 of the Dungeon)

   [ring of strength]

   Str:       It affects your strength (+6).
   Int:       It affects your intelligence (+5).
 r - a ring of see invisible (left hand)
 w - a +6 ring of intelligence
 M - the ring "Qegrib Qae" {rElec rF+ rCorr Dex+4}
   (You found it on level 1 of the Snake Pit)

   [ring of protection from fire]

   Dex:       It affects your dexterity (+4).
   rF:        It protects you from fire.
   rElec:     It insulates you from electricity.
   rCorr:     It protects you from acid and corrosion.
 T - a ring of protection from cold
 X - a ring of wizardry
 Y - the ring "Suekil" (right hand) {rF+ rC+ Dex+6 Slay+2}
   (You acquired it on level 2 of the Snake Pit)

   [ring of dexterity]

   Dex:       It affects your dexterity (+6).
   Slay:      It affects your accuracy & damage with ranged weapons and melee
   (+2).
   rF:        It protects you from fire.
   rC:        It protects you from cold.
 Z - the ring of Xakhleom {AC+4 Stlth+}
   (You bought it in a shop on level 5 of the Dungeon)

   [ring of protection]

   AC:        It affects your AC (+4).
   Stlth:     It makes you more stealthy.
Wands
 a - a wand of digging (5)
 B - a wand of iceblast (35)
 H - a wand of flame (63)
 J - a wand of quicksilver (7)
 Q - a wand of paralysis (15)
 U - a wand of mindburst (41)
Scrolls
 d - 6 scrolls of immolation
 e - 3 scrolls of summoning
 k - 9 scrolls of magic mapping
 l - 9 scrolls of amnesia
 y - 10 scrolls of teleportation
 C - 2 scrolls of poison
 F - 2 scrolls of torment
 N - 2 scrolls of silence
 O - 3 scrolls of fear
 P - 8 scrolls of fog
 S - 6 scrolls of vulnerability
Potions
 c - 3 potions of invisibility
 g - 8 potions of might
 j - 3 potions of haste
 q - 2 potions of berserk rage
 t - 7 potions of lignification
 u - 9 potions of mutation
 v - 3 potions of brilliance
 x - 3 potions of magic
 A - 15 potions of curing
 G - 4 potions of resistance
 R - 2 potions of cancellation
Miscellaneous
 n - a phantom mirror


   Skills:
 + Level 14.1 Fighting
 + Level 15.0 Short Blades
 - Level 1.5 Dodging
 + Level 20.9 Stealth
 - Level 4.0 Shields
 - Level 10.0 Spellcasting
 + Level 16.5 Hexes
 - Level 8.4 Translocations
 + Level 6.0 Transmutations
 - Level 6.0 Ice Magic
 + Level 6.0 Earth Magic


You had 14 spell levels left.
You knew the following spells:

 Your Spells              Type           Power      Damage    Failure   Level
a - Ensorcelled Hibernat  Hex/Ice        100%       N/A       1%          2
b - Confusing Touch       Hex            68%        N/A       1%          3
c - Tukima's Dance        Hex            68%        N/A       1%          3
d - Dazzling Flash        Conj/Hex       90%        N/A       1%          3
e - Yara's Violent Unrav  Hex/Tmut       27%        3d12      2%          5
f - Cause Fear            Hex            34%        N/A       1%          4
g - Passage of Golubria   Tloc           46%        N/A       2%          4

Your spell library contained the following spells:

 Spells                   Type           Power      Damage    Failure   Level
 Frozen Ramparts          Ice            70%        1d11      1%          3
 Ozocubu's Armour         Ice            35%        N/A       1%          3
 Portal Projectile        Hex/Tloc       100%       N/A       1%          3
 Summon Guardian Golem    Hex/Summ       45%        N/A       1%          3
 Leda's Liquefaction      Hex/Erth       27%        N/A       1%          4
 Fulminant Prism          Conj/Hex       22%        3d13      2%          4
 Ice Form                 Ice/Tmut       35%        N/A       7%          4
 Poisonous Vapours        Pois/Air       20%        N/A       12%         2
 Iskenderun's Mystic Bla  Conj/Tloc      28%        2d7       14%         4
 Lee's Rapid Deconstruct  Erth           18%        3d12*     19%         5
 Call Canine Familiar     Summ           10%        N/A       24%         3
 Hailstorm                Conj/Ice       23%        3d7       24%         4
 Summon Ice Beast         Ice/Summ       23%        N/A       24%         4
 Summon Lightning Spire   Summ/Air       10%        N/A       63%         4
 Statue Form              Tmut/Erth      23%        N/A       71%         6
 Simulacrum               Ice/Necr       11%        N/A       98%         6
 Dragon Form              Tmut           17%        N/A       99%         7
 Ozocubu's Refrigeration  Ice            17%        4d11      99%         7
 Starburst                Conj/Fire      5%         6d4       100%        6
 Storm Form               Tmut/Air       11%        N/A       100%        7
 Maxwell's Capacitive Co  Air            5%         ∞         100%        8
 Dragon's Call            Summ           5%         N/A       100%        9


Dungeon Overview and Level Annotations

Branches:
Dungeon (15/15)            Temple (1/1) D:7            Lair (5/5) D:9
  Swamp (4/4) Lair:3        Snake (4/4) Lair:3        Slime (0/5) Lair:4
    Orc (2/2) D:11            Elf (3/3) Orc:2        Vaults (0/5) D:13
 Depths (0/4) D:15

Altars:
Ashenzari
Cheibriados
Dithmenos
Elyvilon
Fedhas
Gozag
Hepliaklqana
Kikubaaqudgha
Makhleb
Nemelex Xobeh
Okawaru
Qazlal
Ru
Sif Muna
Trog
Uskayaw
Vehumet
Wu Jian
Xom
Yredelemnul
Zin
The Shining One
Jiyva

Shops:
D:4 *   D:5 =   D:6 *   D:13 (   D:15 :   Orc:2 [:[(   Snake:3 :(

Annotations:
D:5 3 runed translucent doors, ctx's ghost, novice GnEE
D:12 exclusion: centaur, Sonja
D:15 2 transporters, exclusion: 2 ice statues, Ghostmaker01's ghost, weakling FoFi
Swamp:3 exclusions: tentacled monstrosity and 1 more exclusion
Elf:2 3 runed translucent doors


Innate Abilities, Weirdness & Mutations

You have razor-sharp teeth.
Your natural rate of healing is unusually fast.
When hurt, damage is shared between your health and your magic reserves.
Your bite disrupts and absorbs the magic of your enemies.
Potions cannot restore your health.


Message History

The deep elf high priest mumbles some strange prayers to its god.
The deep elf high priest begins emitting a brilliant aura!
The deep elf demonologist is empowered by the deep elf high priest's aura! x2
The deep elf demonologist falters for a moment.
Press: ? - help, v - describe, . - travel
Here: a deep elf high priest, wielding a +0 scimitar and wearing a +4 chain mail of willpower (brilliance aura)
The floor.
Unknown command.
Casting: Yara's Violent Unravelling (dangerous; 2% risk of failure)
Confirm with . or Enter, or press ? or * to list all spells.
Aiming: Yara's Violent Unravelling (dangerous; 2% risk of failure)
Press: ? - help, Dir - move target, f - deep elf demonologist
Aim: a deep elf demonologist, wielding a +3 great sword of flaming, wearing a +1 leather armour of cold resistance and wearing the ring "Gaomni" {rC+ Str+4 Int+3} (severely wounded, spells empowered, magic disrupted)
Okay, then.
Unknown command.
Unknown command.
You hit the deep elf demonologist.
You bite the deep elf demonologist, but do no damage.
The deep elf demonologist is almost dead.
The deep elf master archer shoots an arrow.
The arrow hits you!! The smoke demon completely misses you.
The smoke demon hits you but does no damage.
You block the smoke demon's attack.
You hear a shout!
You impale the deep elf demonologist!!
You kill the deep elf demonologist!
The Council accepts your kill.
The smoke demon disappears in a puff of smoke!
You hear a shout!
The deep elf master archer shoots an arrow.
The arrow hits you!
The deep elf master archer shoots an arrow.
The arrow hits you!!!
* * * LOW HITPOINT WARNING * * *
The deep elf master archer shoots an arrow.
The arrow hits you!
* * * LOW HITPOINT WARNING * * *
The deep elf master archer shoots an arrow.
The arrow hits you!!
You die...

...... .. #e....## #..
#......### ##...
......e..######.e...
...........#.....e..
.....e........).....
#...........)e......
###.......#..#......
###....##§@##....#
#######.^####### #).#.# #)[#.#
#.)#.####
#############[[)#.#.###########
#............[.................
#.............^...)..[.........
#.................[.).<........


You could see a deep elf blademaster, a deep elf master archer and a deep elf
demonologist (empowered).

Vanquished Creatures
  Mara (Elf:3)
  Vashnia (Snake:2)
  Bai Suzhen (Elf:3)
  2 tentacled monstrosities
  A deep elf blademaster (Elf:3)
  A deep elf master archer (Elf:3)
  A shadow dragon (Elf:1)
  Gastronok (Lair:2)
  Donald (Swamp:3)
  A storm dragon (Elf:1)
  4 fenstrider witches (Swamp:4)
  6 nagarajas
  4 deep elf sorcerers
  Aizul (Snake:1)
  2 ghouls (Swamp:4)
  A deep elf elementalist (Elf:3)
  2 reapers (Swamp:4)
  Nessos (D:13)
  6 deep elf demonologists
  5 deep elf annihilators (Elf:3)
  3 eleionomae
  3 bunyips
  5 deep elf death magi
  3 fire dragons
  5 deep elf high priests
  4 salamander tyrants
  A vault guard (D:13)
  A boulder beetle (D:15)
  2 shambling mangroves
  Harold (D:9)
  7 hydras
  3 ogre magi (Swamp:4)
  4 anacondas
  A catoblepas (Lair:5)
  A spriggan air mage (Swamp:1)
  2 ghost crabs
  6 centaur warriors
  6 death yaks
  7 alligators
  14 dancing weapons
  12 naga warriors
  7 two-headed ogres
  Erica (D:9)
  22 naga sharpshooters
  4 orc high priests (Orc:2)
  A deep troll shaman (Lair:5)
  2 tengu warriors (D:15)
  6 shock serpents
  7 spriggans
  6 deep elf knights
  2 spriggan berserkers (Swamp:4)
  A soul eater (Swamp:4)
  Amaemon (Lair:2)
  2 death drakes
  2 sixfirhies (Swamp:4)
  7 salamander mystics (Snake:4)
  7 spriggan druids
  5 sea snakes (Snake:3)
  5 goliath frogs
  3 swamp dragons
  3 bog bodies
  5 orc knights
  7 naga ritualists
  Pikel (D:9)
  A necromancer (D:15)
  16 deep elf pyromancers
  A lindwurm (Lair:5)
  7 deep elf archers
  3 wizards
  16 deep elf zephyrmancers
  14 ugly things
  4 cyclopes
  7 orc sorcerers
  9 mana vipers
  4 manticores
  A wolf spider (D:13)
  21 salamanders
  6 guardian serpents
  25 black mambas
  Maurice (Orc:1)
  3 centaur zombies (D:15)
  A black mamba (shapeshifter) (D:14)
  2 will-o-the-wisps
  12 elephants
  2 gargoyles
  22 naga magi
  4 orange demons
  A centaur skeleton (D:15)
  A torpor snail (Lair:5)
  A kobold demonologist (D:11)
  2 unseen horrors (D:12)
  21 cane toads
  A yaktaur (D:15)
  5 rime drakes
  7 komodo dragons
  A tengu conjurer (D:15)
  3 trolls
  2 polar bears (Lair:5)
  A troll (shapeshifter) (D:15)
  A hellwing (Swamp:4)
  A wind drake (shapeshifter) (D:15)
  7 tyrant leeches
  A blink frog (shapeshifter) (D:14)
  3 slime creatures (D:12)
  7 hornets
  29 blink frogs
  An air elemental (Elf:2)
  A centaur simulacrum (D:15)
  A wraith (D:11)
  2 vampires
  46 yaks
  A shadow (D:13)
  4 wyverns
  2 water elementals
  8 basilisks
  A neqoxec (Swamp:4)
  A chaos spawn (Swamp:4)
  A fire elemental (Elf:1)
  2 steam dragons
  13 vampire mosquitoes
  14 swamp worms
  56 nagas
  2 acid dragons
  4 wargs
  15 water moccasins
  A sky beast (D:6)
  3 ice beasts
  2 swamp drakes
  2 black bears
  21 orc warriors
  5 ogres
  18 wolves
  12 centaurs
  A phantom (D:6)
  7 bullfrogs
  6 kobold brigands
  A gnoll sergeant (D:9)
  A scorpion (D:3)
  A necrophage (D:6)
  3 wights (D:7)
  3 earth elementals
  11 killer bees
  An electric eel (Lair:4)
  10 howler monkeys
  2 jellies
  2 hounds
  22 orc priests
  3 iguanas
  19 orc wizards
  7 hell rats
  A scorpion zombie (D:5)
  A killer bee zombie (D:5)
  4 gnolls (D:9)
  8 adders
  A shadow imp (D:8)
  A white imp (D:7)
  2 ufetubi
  3 worms
  3 dart slugs (D:3)
  76 orcs
  4 bats
  5 endoplasms
  2 giant cockroaches
  4 goblins
  3 hobgoblins
  31 kobolds
  3 quokkas
  3 ball pythons
  5 frilled lizards
  4 rats
1021 creatures vanquished.

Vanquished Creatures (collateral kills)
  2 two-headed ogres (D:12)
  A naga sharpshooter (Snake:1)
  An orc knight (Orc:2)
  A salamander (Snake:4)
  2 orc warriors (Orc:2)
  2 centaurs
  2 wights (D:7)
  An orc wizard (Orc:2)
  An orc (Orc:2)
13 creatures vanquished.

Vanquished Creatures (others)
  A salamander (Snake:4)
  A naga mage (Snake:4)
  2 bloated husks
  13 dancing weapons
  A naga (Snake:4)
  An orc wizard (Elf:1)
  6 foxfires (Swamp:4)
  35 fungi
  40 plants
  9 withered plants (D:9)
109 creatures vanquished.

Grand Total: 1143 creatures vanquished

Notes
Turn   | Place    | Note
-------+----------+-------------------------------------------
     0 | D:1      | FexLirch the Vine Stalker Enchanter began the quest for the
                  | Orb.
     0 | D:1      | Reached XP level 1. HP: 9/9 MP: 4/4
   255 | D:1      | Reached skill level 1 in Short Blades
   721 | D:1      | Reached XP level 2. HP: 10/13 MP: 6/6
   838 | D:1      | Found a faded altar of an unknown god.
  1157 | D:2      | Reached skill level 4 in Stealth
  1171 | D:2      | Learned a level 2 spell: Ensorcelled Hibernation
  1639 | D:2      | Reached XP level 3. HP: 15/16 MP: 7/7
  1643 | D:2      | Learned a level 3 spell: Confusing Touch
  2249 | D:3      | Reached skill level 1 in Ice Magic
  2249 | D:3      | Gained mutation: Your natural rate of healing is unusually
                  | fast. [Vine Stalker growth]
  2249 | D:3      | Reached XP level 4. HP: 19/21 MP: 9/9
  2389 | D:3      | Noticed a scorpion
  2403 | D:3      | Killed a scorpion
  2404 | D:3      | Reached XP level 5. HP: 13/24 MP: 0/10
  2638 | D:3      | Found a sacrificial altar of Ru.
  2882 | D:4      | Found Urujiv's Overcharged Wands.
  2965 | D:4      | You fall into a shaft and drop 1 floor!
  2965 | D:5      | Entered Level 5 of the Dungeon
  2966 | D:5      | Noticed an ice beast
  2981 | D:5      | Killed an ice beast
  2982 | D:5      | Reached skill level 5 in Stealth
  2982 | D:5      | Reached XP level 6. HP: 25/28 MP: 10/12
  3027 | D:5      | Noticed a water moccasin
  3039 | D:5      | Killed a water moccasin
  3166 | D:5      | Found Tuuxyfui's Jewellery Shoppe.
  3206 | D:5      | Reached XP level 7. HP: 32/32 MP: 13/13
  3426 | D:5      | Found a runed translucent gate.
  3426 | D:5      | Found a runed translucent gate.
  3426 | D:5      | Found a runed translucent gate.
  3426 | D:5      | Noticed ctx's ghost (novice GnEE)
  3428 | D:5      | Found a basalt altar of Yredelemnul.
  3550 | D:5      | Reached skill level 6 in Stealth
  3743 | D:5      | Learned a level 3 spell: Tukima's Dance
  4046 | D:6      | Found Bypuokk's Assorted Antiques.
  4062 | D:6      | Bought a serpentine glass ring for 130 gold pieces
  4062 | D:6      | Identified the ring "Leappam" {Str+6 Int+5} (You bought it
                  | in a shop on level 6 of the Dungeon)
  4068 | D:6      | Learned a level 3 spell: Dazzling Flash
  4264 | D:6      | Reached skill level 5 in Hexes
  4264 | D:6      | Gained mutation: You have razor-sharp teeth. [Vine Stalker
                  | growth]
  4264 | D:6      | Reached XP level 8. HP: 36/36 MP: 15/15
  4568 | D:6      | Reached skill level 7 in Stealth
  4633 | D:6      | Reached skill level 5 in Spellcasting
  4761 | D:6      | Found a bloodstained altar of Trog.
  4859 | D:7      | Reached XP level 9. HP: 37/39 MP: 14/18
  5081 | D:7      | Reached skill level 5 in Ice Magic
  5086 | D:7      | Reached skill level 8 in Stealth
  5158 | D:7      | Found a staircase to the Ecumenical Temple.
  5171 | Temple   | Entered the Ecumenical Temple
  5309 | Temple   | Became a worshipper of the Wu Jian Council
  5589 | D:7      | Reached skill level 5 in Short Blades
  5864 | D:8      | Learned a level 5 spell: Yara's Violent Unravelling
  6199 | D:8      | Reached skill level 1 in Fighting
  6276 | D:8      | Reached * piety under Wu Jian
  6632 | D:8      | Reached XP level 10. HP: 46/46 MP: 20/20
  6965 | D:9      | Reached skill level 9 in Stealth
  7022 | D:9      | Noticed Pikel
  7195 | D:9      | Noticed Harold
  7197 | D:9      | Killed Harold
  7339 | D:9      | Reached ** piety under Wu Jian
  7443 | D:9      | Found a staircase to the Lair.
  7560 | D:9      | Noticed a two-headed ogre
  7565 | D:9      | Killed a two-headed ogre
  7566 | D:9      | Reached skill level 10 in Stealth
  7601 | D:9      | Killed Pikel
  7625 | D:9      | Found a blossoming altar of Fedhas.
  7628 | D:9      | Found an ancient bone altar of Kikubaaqudgha.
  7788 | D:9      | Reached XP level 11. HP: 54/54 MP: 11/21
  8166 | D:10     | Entered Level 10 of the Dungeon
  8272 | D:10     | Noticed Erica
  8297 | D:9      | Killed Erica
  8298 | D:9      | Reached skill level 11 in Stealth
  8333 | D:10     | Noticed a deep elf pyromancer
  8340 | D:10     | Noticed a wizard
  8404 | D:10     | Reached skill level 5 in Fighting
  8450 | D:10     | Got Ts'ui Pên's Spellbook of Forking Paths
  8453 | D:10     | Noticed a deep elf zephyrmancer
  8456 | D:10     | Learned a level 4 spell: Cause Fear
  8459 | D:10     | Killed a deep elf zephyrmancer
  8470 | D:10     | Noticed a deep elf zephyrmancer
  8548 | D:11     | Noticed a manticore
  8570 | D:11     | Reached *** piety under Wu Jian
  8622 | D:11     | Killed a manticore
  8785 | D:11     | Found a staircase to the Orcish Mines.
  9513 | D:10     | Noticed a two-headed ogre
  9890 | D:10     | Noticed a two-headed ogre
  9898 | D:10     | Killed a two-headed ogre
  9933 | D:10     | Killed a deep elf pyromancer
  9934 | D:10     | Reached skill level 12 in Stealth
  9963 | D:10     | Noticed a two-headed ogre
  9973 | D:10     | Killed a two-headed ogre
 10153 | D:5      | Bought the ring of Xakhleom {AC+4 Stlth+} for 503 gold
                  | pieces
 10436 | D:12     | Reached XP level 12. HP: 62/62 MP: 17/22
 10495 | D:12     | Noticed Sonja
 10621 | D:12     | Noticed a two-headed ogre
 10674 | D:12     | Killed a two-headed ogre
 10675 | D:12     | Reached skill level 1 in Shields
 10675 | D:12     | Reached **** piety under Wu Jian
 10829 | D:12     | Noticed a two-headed ogre
 10837 | D:12     | Killed a two-headed ogre
 10838 | D:12     | Reached skill level 10 in Hexes
 11485 | D:13     | Found Jisif's Weapon Shoppe.
 11533 | D:13     | Noticed a centaur warrior
 11535 | D:13     | Noticed a two-headed ogre
 11538 | D:13     | Killed a centaur warrior
 11548 | D:13     | Killed a two-headed ogre
 11549 | D:13     | Reached skill level 13 in Stealth
 11632 | D:13     | Noticed Nessos
 11634 | D:13     | Killed Nessos
 11678 | D:13     | Found a gate to the Vaults.
 11678 | D:13     | Noticed a vault guard
 11680 | D:13     | Killed a vault guard
 11815 | D:13     | Noticed a two-headed ogre
 11826 | D:13     | Killed a two-headed ogre
 11900 | D:13     | Noticed a centaur warrior
 11904 | D:13     | Killed a centaur warrior
 12057 | D:14     | Reached XP level 13. HP: 68/68 MP: 23/23
 12064 | D:15     | Entered Level 15 of the Dungeon
 12064 | D:15     | Found Pappyber's Vocational Training.
 12191 | D:15     | Learned a level 4 spell: Passage of Golubria
 12517 | D:10     | Found a sparkling altar of Nemelex Xobeh.
 12609 | Lair:1   | Entered Level 1 of the Lair of Beasts
 12660 | Lair:1   | Reached skill level 1 in Translocations
 12744 | Lair:1   | Reached skill level 14 in Stealth
 13044 | Lair:1   | Identified the +11 rapier of Corporal Punishment {vorpal,
                  | rN+ MP+9 Dex+4}
 13364 | Lair:2   | Reached skill level 10 in Short Blades
 13369 | Lair:2   | Noticed Gastronok
 13379 | Lair:2   | Killed Gastronok
 13621 | Lair:2   | Noticed Amaemon
 13624 | Lair:2   | Killed Amaemon
 14092 | Lair:3   | Identified the +3 falchion "Eniraz" {venom, rElec}
 14146 | Lair:2   | Reached XP level 14. HP: 74/74 MP: 24/24
 14261 | Lair:3   | Reached ***** piety under Wu Jian
 14303 | Lair:3   | Reached skill level 15 in Stealth
 14349 | Lair:3   | Found a staircase to the Snake Pit.
 14465 | Lair:3   | Found a staircase to the Swamp.
 14488 | Lair:3   | Reached skill level 5 in Translocations
 15257 | Lair:4   | Identified the +1 ring mail of Bursted Satisfaction {rElec
                  | rF+ rC- Dex+6}
 15411 | Lair:4   | Found a viscous altar of Jiyva.
 15411 | Lair:4   | Found a staircase to the Slime Pits.
 15446 | Lair:4   | Identified the +7 hand axe "Belamp" {freeze, Str+5 Int+7}
 15939 | Lair:5   | Entered Level 5 of the Lair of Beasts
 16691 | Lair:5   | Reached skill level 10 in Fighting
 16760 | Lair:5   | Reached XP level 15. HP: 63/80 MP: 25/25
 16778 | Lair:5   | Reached skill level 16 in Stealth
 17452 | Orc:1    | Entered Level 1 of the Orcish Mines
 17600 | Orc:1    | Noticed Maurice
 17603 | Orc:1    | Killed Maurice
 17665 | Orc:2    | Entered Level 2 of the Orcish Mines
 17801 | Orc:2    | Found a staircase to the Elven Halls.
 17890 | Orc:2    | Found Boenae's Antique Armour Shoppe.
 18532 | Orc:2    | Found Hoagrorgh's Antique Armour Boutique.
 18539 | Orc:2    | Found Jopiahe's Book Boutique.
 18541 | Orc:2    | Found Dedolaoh's Weapon Shoppe.
 18582 | Orc:2    | Bought a shiny buckler for 217 gold pieces
 18595 | Orc:2    | Bought a sheer robe for 159 gold pieces
 18595 | Orc:2    | Identified the +1 robe "Xyner Bei" {rPois rF+ Regen+ Dex+4}
                  | (You bought it in a shop on level 2 of the Orcish Mines)
 18810 | D:14     | Reached ****** piety under Wu Jian
 19951 | D:15     | Found a transporter.
 19952 | D:15     | Noticed an orc warlord
 20029 | D:15     | Noticed Ghostmaker01's ghost (weakling FoFi)
 20036 | D:15     | Found a transporter.
 20354 | D:15     | Found a staircase to the Depths.
 20375 | D:15     | Reached skill level 17 in Stealth
 21190 | D:10     | Reached XP level 16. HP: 87/87 MP: 26/26
 21201 | D:10     | Got Ihegh's Incunabulum of Axaxaxas mlö
 21471 | Swamp:1  | Entered Level 1 of the Swamp
 21510 | Swamp:1  | Identified the +9 quarterstaff "Douduhi" {spect, Int+2}
 22354 | Swamp:2  | HP: 1/86 [spriggan druid/+0 quarterstaff (10)]
 22355 | Swamp:3  | Noticed Donald
 22888 | Swamp:3  | Noticed a tentacled monstrosity
 22944 | Swamp:3  | Killed Donald
 23181 | Swamp:4  | Entered Level 4 of the Swamp
 23459 | Swamp:4  | Noticed a fenstrider witch
 23475 | Swamp:4  | Killed a fenstrider witch
 23476 | Swamp:4  | Reached skill level 18 in Stealth
 23569 | Swamp:4  | Noticed a tentacled monstrosity
 23587 | Swamp:4  | Killed a tentacled monstrosity
 23785 | Swamp:4  | Reached XP level 17. HP: 76/92 MP: 29/29
 23899 | Swamp:4  | Got a decaying rune of Zot
 24115 | Swamp:3  | Killed a tentacled monstrosity
 24225 | Snake:1  | Entered Level 1 of the Snake Pit
 24230 | Snake:1  | Found a transporter.
 24641 | Snake:1  | Noticed Aizul
 24658 | Snake:1  | Killed Aizul
 24840 | Snake:1  | Found a transporter.
 24909 | Snake:1  | Identified the amulet "Joirota" {rC+ Regen+ Int+2}
 24916 | Snake:1  | Identified the +10 short sword of Crafting Misery {vorpal,
                  | rPois rF- rCorr Stlth+}
 24922 | Snake:1  | Identified the ring "Qegrib Qae" {rElec rF+ rCorr Dex+4}
 25027 | Snake:2  | Identified the +6 mace of Ycwuf {vorpal, rC+ rN+++ Will+
                  | Str-5}
 25133 | Snake:2  | Noticed Vashnia
 25147 | Snake:2  | Killed Vashnia
 25344 | Snake:2  | Identified a scroll of acquirement
 25354 | Snake:2  | Reached skill level 15 in Hexes
 25384 | Snake:2  | Acquired the ring "Suekil" {rF+ rC+ Dex+6 Slay+2}
 25404 | Snake:2  | Reached skill level 19 in Stealth
 26304 | Snake:3  | Reached XP level 18. HP: 99/99 MP: 32/32
 26472 | Snake:3  | Identified the +2 chain mail of Inviolability {+Inv rF+
                  | Str+6}
 26783 | Snake:3  | Found Qodie's Antique Weapon Boutique.
 26793 | Snake:3  | Found Oriopsibb's Book Shop.
 26805 | Snake:3  | Bought a book of the Earth for 684 gold pieces
 26995 | Snake:4  | Entered Level 4 of the Snake Pit
 27000 | Snake:4  | Reached skill level 10 in Spellcasting
 27136 | Snake:4  | Reached skill level 1 in Transmutations
 27136 | Snake:4  | Reached skill level 1 in Earth Magic
 27779 | Snake:4  | Reached skill level 20 in Stealth
 27827 | Snake:4  | Got a serpentine rune of Zot
 28493 | Elf:1    | Entered Level 1 of the Elven Halls
 29006 | Elf:1    | Reached XP level 19. HP: 57/105 MP: 33/34
 29663 | Elf:1    | Found a runed translucent gate.
 29663 | Elf:1    | Found a runed translucent gate.
 29663 | Elf:1    | Found a runed translucent gate.
 29663 | Elf:1    | Found a runed translucent gate.
 29663 | Elf:1    | Found a runed translucent gate.
 29664 | Elf:1    | Found a runed translucent gate.
 29812 | Elf:2    | Found a runed translucent gate.
 29813 | Elf:2    | Found a runed translucent gate.
 29820 | Elf:2    | Found a runed translucent gate.
 30093 | Elf:2    | Reached skill level 5 in Earth Magic
 30244 | Elf:3    | Entered Level 3 of the Elven Halls
 30271 | Elf:3    | Reached skill level 5 in Transmutations
 30332 | Elf:3    | Found an ancient bone altar of Kikubaaqudgha.
 30509 | Elf:3    | Noticed Mara
 30514 | Elf:3    | Killed Mara
 30801 | Elf:3    | Noticed Bai Suzhen
 30821 | Elf:3    | Killed Bai Suzhen
 31145 | Elf:3    | Noticed a Hell Sentinel
 31523 | Elf:3    | Reached skill level 15 in Short Blades
 31954 | Elf:3    | Identified the ring "Gaomni" {rC+ Str+4 Int+3}
 31963 | Elf:3    | Noticed a Tzitzimitl
 31970 | Elf:3    | Shot with an arrow by a deep elf master archer

Illustrated notes

Levels and vault maps discovered:
D:1:      dpeg_arrival_shelter, layout_loops_ring,
          shapermc_ecumenical_altar_acropolis, serial_aquarium,
          aquarium_bridge_long_separate [aquarium_subvault_bridge,
          aquarium_subvault_wall, aquarium_subvault_bridge,
          aquarium_subvault_balcony, aquarium_subvault_bridge,
          aquarium_subvault_balcony], aquarium_window_fake, aquarium_window_1,
          aquarium_window_1, aquarium_view_2b, aquarium_view_2b, aquarium_pool_1
D:2:      layout_basic, corner_web_ring, minmay_tetromino_o2
D:3:      layout_rooms, mainiacjoe_overflow_alcove_1, nicolae_figureground_pulse
D:4:      layout_loops_ring, serial_shops, nicolae_square_shop,
          nicolae_shop_overcharged_wands, uniq_grinder, uniq_eustachio
D:5:      layout_loops_corners, nicolae_yredelemnul_ghost_church, serial_shops,
          nicolae_square_shop, serial_park_tiny_2
D:6:      layout_loops_cross, lemuel_tele_altar, serial_shops, shop,
          kennysheep_diamond
D:7:      layout_basic, minmay_temple_entry_mini_moons, enter_bailey_8
D:8:      layout_loops_corners
D:9:      layout_basic, grunt_temple_overflow_growth_and_decay,
          erik_lair_orcish_takeover, serial_rivers,
          chequers_serial_rivers_small_b, chequers_serial_rivers_micro_c,
          chequers_serial_rivers_micro_e, chequers_serial_rivers_room_a,
          billiards_dpeg, uniq_harold, uniq_prince_ribbit1, uniq_pikel
D:10:     layout_basic, nemelex_xobeh_ov_fountains_minmay, nrook_pool_corridor,
          bh_hangedman_babel_library, uniq_erica
D:11:     layout_layer_cave, erik_orc_3
D:12:     layout_stronghold, uniq_sonja
D:13:     layout_irregular_city, david_vaults_5, serial_shops, shop,
          fountainhead, uniq_nessos
D:14:     layout_stronghold, grunt_decor_clamped
D:15:     grunt_enter_depths_magical_seal, layout_loops_corners,
          portal_ice_cave_entry_ice_statue_two,
          gammafunk_ghost_wrathful_warriors, minmay_misc_feat_more_columns,
          st_stairs_11, hangedman_decor_diamond_cutter, serial_bayou_pond_b,
          nicolae_shop_vocational
Temple:   regret_index_temple_sphere_string
Lair:1:   layout_chaotic_city, st_stairs_10
Lair:2:   layout_chaotic_city, uniq_gastronok, uniq_amaemon
Lair:3:   layout_regular_city, minmay_swamp_entry_wisps,
          minmay_snake_entry_guardpost_medium, grunt_megastairs_3
Lair:4:   layout_gridlike, slime_entry_1
Lair:5:   grunt_lair_end_beastmaster, layout_cave_pods,
          chequers_serial_rivers_micro_e
Swamp:1:  layout_falls_marsh, wheals_swamp_sinkhole, nicolae_swamp_some_circles
Swamp:2:  layout_basic_swamp, evilmike_swamp_ruin_rubble_2
Swamp:3:  layout_basic_swamp, nicolae_swamp_trees_clearing, swamp_pool1,
          uniq_donald
Swamp:4:  nzn_swamp_witches_coven, layout_basic_swamp
Snake:1:  gammafunk_its_a_trap, layout_basic, uniq_aizul
Snake:2:  layout_onion_interference, st_stairs_12, nicolae_elevator_lobby_plus,
          uniq_vashnia
Snake:3:  layout_basic, minmay_shoptagon, serial_bayou_shore_a
Snake:4:  johnstein_snake_rune_scales, layout_onion_interference,
          grunt_megastairs_2, nicolae_triple_integral
Orc:1:    layout_caves, serial_shops, shop, uniq_maurice
Orc:2:    st_orc_elflike, layout_diamond_mine, minmay_orc_temple_c
Elf:1:    layout_geoelf_octagon, orc_legates
Elf:2:    nicolae_elf_blades_crystal_corner, layout_geoelf_grid, uniq_asterion
Elf:3:    minmay_elf_hall_spiked, layout_onion_city, basic_altar,
          nicolae_elf_big_sculpture_3, uniq_bai_suzhen, uniq_mara

Skill      XL: |  1  2  3  4  5  6  7  8  9 10 11 12 13 14 15 16 17 18 19 |
---------------+----------------------------------------------------------+-----
Short Blades   | 1 2 3 4 5 7 8 9 10 11 12 13 14 15 | 15.0
Stealth        | 4 5 6 7 8 10 12 13 14 15 17 18 19 20 | 20.9
Ice Magic      | 1 2 3 4 5 6 |  6.0
Spellcasting   | 3 4 5 6 7 9 10 | 10.0
Hexes          | 4 5 6 8 9 10 11 12 13 14 15 16 | 16.5
Fighting       | 2 4 6 7 8 10 11 12 13 14 | 14.1
Shields        | 3 4 |  4.0
Translocations | 4 6 8 |  8.4
Transmutations | 3 6 |  6.0
Earth Magic    | 3 6 |  6.0
Dodging        | |  1.5

Action                   |  1- 3 |  4- 6 |  7- 9 | 10-12 | 13-15 | 16-18 | 19-21 || total
-------------------------+-------+-------+-------+-------+-------+-------+-------++-------
Melee: Dagger            |    81 |    64 |   216 |   237 |    68 |       |       ||   666
       Bite              |    15 |    10 |    62 |    51 |   204 |   298 |   114 ||   754
       Rapier            |       |       |       |       |   634 |   891 |   293 ||  1818
 Fire: Sling             |     6 |     1 |       |       |       |       |       ||     7
 Cast: Ensorcelled Hiber |     5 |    28 |    39 |   112 |   228 |   206 |    14 ||   632
       Confusing Touch   |     1 |     1 |    14 |     8 |    21 |    23 |     4 ||    72
       Dazzling Flash    |       |       |    10 |     7 |    35 |    11 |       ||    63
       Tukima's Dance    |       |       |     6 |    12 |    27 |    33 |     5 ||    83
       Yara's Violent Un |       |       |       |     1 |     2 |     9 |    11 ||    23
       Cause Fear        |       |       |       |       |    35 |    41 |     7 ||    83
       Passage of Golubr |       |       |       |       |     2 |    37 |    17 ||    56
Invok: Lunge             |       |       |    17 |    57 |   142 |   157 |    49 ||   422
       Whirlwind         |       |       |     2 |    27 |   147 |   123 |    45 ||   344
       Serpent's Lash    |       |       |       |     2 |    10 |    17 |     6 ||    35
       Heavenly Storm    |       |       |       |       |     1 |       |       ||     1
Evoke: Wand              |       |       |       |       |       |     5 |       ||     5
  Use: Potion            |     1 |       |       |       |       |     6 |       ||     7
       Scroll            |       |       |     8 |    12 |    15 |    10 |     1 ||    46
 Stab: Sleeping          |     5 |    21 |    43 |    82 |   184 |   163 |    32 ||   530
       Confused          |     1 |     1 |     5 |     7 |    15 |    15 |     5 ||    49
       Invisible         |       |       |     9 |     3 |    31 |     8 |       ||    51
       Distracted        |       |       |       |     1 |     4 |    23 |     2 ||    30
       Fleeing           |       |       |       |       |     2 |     9 |     2 ||    13
Armor: Robe              |    20 |    16 |    36 |    20 |    44 |   125 |    39 ||   300
       Troll leather arm |       |       |       |    17 |    60 |       |       ||    77
       Acid dragon scale |       |       |       |     6 |       |       |       ||     6
       Ring mail         |       |       |       |       |    62 |       |       ||    62
Dodge: Dodged            |    46 |    31 |    71 |    67 |   247 |   232 |    51 ||   745
Block: Buckler           |       |       |       |       |   186 |   238 |    45 ||   469
       Reflection        |       |       |       |       |     7 |    42 |    10 ||    59
